TOP OF THE 1ST |
Hendersonville Hitmen batting - Pitching for Plymouth Rocks : LHP Jean-Thomas Francoeur
|
Pitching: LHP Jean-Thomas Francoeur
|
|
Batting: RHB Carlos García
|
0-0: Ball 1-0: Ground out 6-3 (Groundball, 6)
|
Batting: SHB Tony López
|
0-0: Ground out 2-3 (Groundball, 25)
|
Batting: RHB Manolo Román
|
0-0: Called Strike 0-1: Ball 1-1: Foul Ball, location: 2F 1-2: Ground out 5-3 (Groundball, 5)
|
Top of the 1st over - 0 run(s), 0 hit(s), 0 error(s), 0 left on base; Hendersonville 0 - Plymouth 0 |
BOTTOM OF THE 1ST |
Plymouth Rocks batting - Pitching for Hendersonville Hitmen : LHP Simon Martel
|
Pitching: LHP Simon Martel
|
|
Batting: RHB Millard Boyd
|
0-0: Called Strike 0-1: Ball 1-1: Ground out 5-3 (Groundball, 56)
|
Batting: RHB Jorge Márquez
|
0-0: SINGLE (Flyball, 9LS)
|
Batting: LHB Frank Geddes
|
0-0: Ball 1-0: Fly out, F8 (Flyball, 8RS)
|
Batting: RHB Dexter Potter
|
0-0: Foul Ball, location: 2F 0-1: Ball 1-1: Swinging Strike 1-2: Ball 2-2: Ground out 5-3 (Groundball, 56S)
|
Bottom of the 1st over - 0 run(s), 1 hit(s), 0 error(s), 1 left on base; Hendersonville 0 - Plymouth 0 |
TOP OF THE 2ND |
Hendersonville Hitmen batting - Pitching for Plymouth Rocks : LHP Jean-Thomas Francoeur
|
Batting: LHB Lorenzo Villa
|
0-0: Ball 1-0: Called Strike 1-1: Ball 2-1: Ball 3-1: Ground out 4-3 (Groundball, 34S)
|
Batting: RHB Robert Buckley
|
0-0: Called Strike 0-1: Ground out 4-3 (Groundball, 4)
|
Batting: LHB Terry White
|
0-0: Ball 1-0: Ball 2-0: Ball 3-0: Base on Balls
|
Batting: RHB Junior Vargas
|
0-0: Swinging Strike 0-1: Called Strike 0-2: Ball 1-2: Strikes out swinging
|
Top of the 2nd over - 0 run(s), 0 hit(s), 0 error(s), 1 left on base; Hendersonville 0 - Plymouth 0 |
BOTTOM OF THE 2ND |
Plymouth Rocks batting - Pitching for Hendersonville Hitmen : LHP Simon Martel
|
Batting: RHB António Zúñiga
|
0-0: Foul Ball, location: 2F 0-1: Ball 1-1: Foul Ball, location: 2F 1-2: Ball 2-2: Foul Ball, location: 2F 2-2: Ball 3-2: Foul Ball, location: 2F 3-2: Fly out, F9 (Flyball, 89S)
|
Batting: RHB Alberto Ramos
|
0-0: Foul Ball, location: 2F 0-1: Ball 1-1: Ground out 6-3 (Groundball, 6)
|
Batting: RHB Frederico Hernández
|
0-0: Called Strike 0-1: Foul Ball, location: 2F 0-2: Foul Ball, location: 2F 0-2: Ball 1-2: Ground out 6-3 (Groundball, 6)
|
Bottom of the 2nd over - 0 run(s), 0 hit(s), 0 error(s), 0 left on base; Hendersonville 0 - Plymouth 0 |
TOP OF THE 3RD |
Hendersonville Hitmen batting - Pitching for Plymouth Rocks : LHP Jean-Thomas Francoeur
|
Batting: RHB Taylor McFarland
|
0-0: Ball 1-0: Ball 2-0: Ground out 6-3 (Groundball, 6)
|
Batting: RHB Robert Bly
|
0-0: Ground out 6-3 (Groundball, 6M)
|
Batting: RHB Carlos García
|
0-0: Ground out 5-3 (Groundball, 56)
|
Top of the 3rd over - 0 run(s), 0 hit(s), 0 error(s), 0 left on base; Hendersonville 0 - Plymouth 0 |
BOTTOM OF THE 3RD |
Plymouth Rocks batting - Pitching for Hendersonville Hitmen : LHP Simon Martel
|
Batting: RHB Alberto Hernández
|
0-0: Ground out 6-3 (Groundball, 6)
|
Batting: RHB Richard Coker
|
0-0: Ball 1-0: Ball 2-0: Called Strike 2-1: Ball 3-1: Called Strike 3-2: Foul Ball, location: 2F 3-2: SINGLE (Line Drive, 6)
|
Batting: RHB Millard Boyd
|
0-0: Ball 1-0: Grounds into double play, 6-4-3 (Groundball, 6)
|
Bottom of the 3rd over - 0 run(s), 1 hit(s), 0 error(s), 0 left on base; Hendersonville 0 - Plymouth 0 |
TOP OF THE 4TH |
Hendersonville Hitmen batting - Pitching for Plymouth Rocks : LHP Jean-Thomas Francoeur
|
Batting: SHB Tony López
|
0-0: Ball 1-0: Swinging Strike 1-1: Ball 2-1: Ball 3-1: Foul Ball, location: 2F 3-2: Base on Balls
|
Batting: RHB Manolo Román
|
0-0: Called Strike 0-1: Ball 1-1: Ball 2-1: Fly out, F7 (Flyball, 7LD)
|
Batting: LHB Lorenzo Villa
|
0-0: Ball 1-0: Ball 2-0: Called Strike 2-1: Ball 3-1: Called Strike 3-2: Foul Ball, location: 2F 3-2: SINGLE (Line Drive, 34D) Tony López to second Tony López to third
|
Batting: RHB Robert Buckley
|
0-0: Ball 1-0: Ball 2-0: Ball 3-0: Base on Balls Lorenzo Villa to second
|
Batting: LHB Terry White
|
0-0: Ball 1-0: Ball 2-0: Swinging Strike 2-1: Ball 3-1: Foul Ball, location: 2F 3-2: Grounds into double play, U4-3 (Groundball, 4M)
|
Top of the 4th over - 0 run(s), 1 hit(s), 0 error(s), 2 left on base; Hendersonville 0 - Plymouth 0 |
BOTTOM OF THE 4TH |
Plymouth Rocks batting - Pitching for Hendersonville Hitmen : LHP Simon Martel
|
Batting: RHB Jorge Márquez
|
0-0: Ball 1-0: Ball 2-0: Called Strike 2-1: Foul Ball, location: 2F 2-2: Ball 3-2: Ground out 6-3 (Groundball, 6M)
|
Batting: LHB Frank Geddes
|
0-0: Foul Ball, location: 2F 0-1: SINGLE (Line Drive, 6MD)
|
Batting: RHB Dexter Potter
|
0-0: Called Strike 0-1: Called Strike 0-2: Grounds into double play, 6-4-3 (Groundball, 6)
|
Bottom of the 4th over - 0 run(s), 1 hit(s), 0 error(s), 0 left on base; Hendersonville 0 - Plymouth 0 |
TOP OF THE 5TH |
Hendersonville Hitmen batting - Pitching for Plymouth Rocks : LHP Jean-Thomas Francoeur
|
Batting: RHB Junior Vargas
|
0-0: Foul Ball, location: 2F 0-1: Ball 1-1: Ball 2-1: Called Strike 2-2: Fly out, F6 (Popup, 6D)
|
Batting: RHB Taylor McFarland
|
0-0: Foul Ball, location: 2F 0-1: Swinging Strike 0-2: Ball 1-2: Foul Ball, location: 2F 1-2: SINGLE (Line Drive, 8RS)
|
Batting: RHB Robert Bly
|
0-0: Foul Ball, location: 2F 0-1: Ball 1-1: Ground out 5-3 (Groundball, 5S) Taylor McFarland to second
|
Batting: RHB Carlos García
|
0-0: Ball 1-0: Swinging Strike 1-1: Ball 2-1: Fly out, F2 (Popup, 25F)
|
Top of the 5th over - 0 run(s), 1 hit(s), 0 error(s), 1 left on base; Hendersonville 0 - Plymouth 0 |
BOTTOM OF THE 5TH |
Plymouth Rocks batting - Pitching for Hendersonville Hitmen : LHP Simon Martel
|
Batting: RHB António Zúñiga
|
0-0: Ball 1-0: Foul Ball, location: 2F 1-1: Swinging Strike 1-2: Ball 2-2: Fly out, F9 (Flyball, 89S)
|
Batting: RHB Alberto Ramos
|
0-0: Ball 1-0: Ground out 4-3 (Groundball, 4M)
|
Batting: RHB Frederico Hernández
|
0-0: Foul Ball, location: 2F 0-1: Called Strike 0-2: Fly out, F9 (Line Drive, 89S)
|
Bottom of the 5th over - 0 run(s), 0 hit(s), 0 error(s), 0 left on base; Hendersonville 0 - Plymouth 0 |
TOP OF THE 6TH |
Hendersonville Hitmen batting - Pitching for Plymouth Rocks : LHP Jean-Thomas Francoeur
|
Batting: SHB Tony López
|
0-0: Ball 1-0: Ball 2-0: Called Strike 2-1: Foul Ball, location: 2F 2-2: Ball 3-2: Foul Ball, location: 2F 3-2: Foul Ball, location: 2F 3-2: Ground out 5-3 (Groundball, 56)
|
Batting: RHB Manolo Román
|
0-0: Ball 1-0: Called Strike 1-1: Ground out 5-3 (Groundball, 56)
|
Batting: LHB Lorenzo Villa
|
0-0: Foul Ball, location: 2F 0-1: Ball 1-1: Swinging Strike 1-2: Foul Ball, location: 2F 1-2: Foul Ball, location: 2F 1-2: SINGLE (Flyball, 8LS)
|
Batting: RHB Robert Buckley
|
0-0: Ball 1-0: Called Strike 1-1: Ball 2-1: Ball 3-1: Foul Ball, location: 2F 3-2: Ground out 6-3 (Groundball, 56)
|
Top of the 6th over - 0 run(s), 1 hit(s), 0 error(s), 1 left on base; Hendersonville 0 - Plymouth 0 |
BOTTOM OF THE 6TH |
Plymouth Rocks batting - Pitching for Hendersonville Hitmen : LHP Simon Martel
|
Batting: RHB Alberto Hernández
|
0-0: Foul Ball, location: 2F 0-1: Foul Ball, location: 2F 0-2: Foul Ball, location: 2F 0-2: Fly out, F3 (Popup, 3F)
|
Batting: RHB Richard Coker
|
0-0: Called Strike 0-1: Foul Ball, location: 2F 0-2: Ground out 1-3 (Groundball, 15S)
|
Batting: RHB Millard Boyd
|
0-0: Called Strike 0-1: Foul Ball, location: 2F 0-2: Ball 1-2: Ball 2-2: Ball 3-2: Ground out 5-3 (Groundball, 5)
|
Bottom of the 6th over - 0 run(s), 0 hit(s), 0 error(s), 0 left on base; Hendersonville 0 - Plymouth 0 |
TOP OF THE 7TH |
Hendersonville Hitmen batting - Pitching for Plymouth Rocks : LHP Jean-Thomas Francoeur
|
Pinch Hitting: RHB Enrique Aguilar
|
0-0: SINGLE (Groundball, 5L)
|
Batting: RHB Junior Vargas
|
0-0: Called Strike 0-1: Called Strike 0-2: Fly out, F3 (Popup, 3F)
|
Batting: RHB Taylor McFarland
|
0-0: Ball 1-0: Ball 2-0: Called Strike 2-1: Ground out 2-3 (Groundball, 25) Enrique Aguilar to second
|
Now at C: Armando González
|
|
Batting: RHB Robert Bly
|
0-0: Ball 1-0: Fly out, F7 (Line Drive, 78M)
|
Top of the 7th over - 0 run(s), 1 hit(s), 0 error(s), 1 left on base; Hendersonville 0 - Plymouth 0 |
BOTTOM OF THE 7TH |
Plymouth Rocks batting - Pitching for Hendersonville Hitmen : LHP Simon Martel
|
Now in RF: Enrique Aguilar
|
|
Batting: RHB Jorge Márquez
|
0-0: Ground out 6-3 (Groundball, 6)
|
Batting: LHB Frank Geddes
|
0-0: Ball 1-0: Called Strike 1-1: SOLO HOME RUN (Flyball, 89XD), Distance : 420 ft
|
Batting: RHB Armando González
|
0-0: Ball 1-0: Ball 2-0: Ground out 4-3 (Groundball, 4)
|
Batting: RHB António Zúñiga
|
0-0: Ground out 6-3 (Groundball, 6M)
|
Bottom of the 7th over - 1 run(s), 1 hit(s), 0 error(s), 0 left on base; Hendersonville 0 - Plymouth 1 |
TOP OF THE 8TH |
Hendersonville Hitmen batting - Pitching for Plymouth Rocks : LHP Jean-Thomas Francoeur
|
Batting: RHB Carlos García
|
0-0: Ball 1-0: Called Strike 1-1: Ball 2-1: Swinging Strike 2-2: Ball 3-2: Base on Balls
|
Batting: SHB Tony López
|
0-0: Sac Bunt - play at first, batter safe! Carlos García to second
|
Batting: RHB Manolo Román
|
0-0: Foul Ball, location: 2F 0-1: Called Strike 0-2: Ball 1-2: SINGLE (Groundball, 5D) Carlos García to third Tony López to second Runner from 3rd tries for Home, throw and OUT!
|
Batting: LHB Lorenzo Villa
|
0-0: Ball 1-0: SINGLE (Groundball, 56D) Tony López to third Manolo Román to second Runner from 3rd tries for Home, SAFE, no throw or cutoff
|
Batting: RHB Robert Buckley
|
0-0: Called Strike 0-1: Swinging Strike 0-2: Ball 1-2: Ball 2-2: Ball 3-2: Grounds into double play, 6-4-3 (Groundball, 6)
|
Top of the 8th over - 1 run(s), 3 hit(s), 0 error(s), 1 left on base; Hendersonville 1 - Plymouth 1 |
BOTTOM OF THE 8TH |
Plymouth Rocks batting - Pitching for Hendersonville Hitmen : LHP Simon Martel
|
Batting: RHB Alberto Ramos
|
0-0: Ball 1-0: Foul Ball, location: 2F 1-1: Swinging Strike 1-2: Strikes out looking
|
Batting: RHB Frederico Hernández
|
0-0: Ball 1-0: Called Strike 1-1: Ball 2-1: Ball 3-1: Ground out 6-3 (Groundball, 6)
|
Batting: RHB Alberto Hernández
|
0-0: Called Strike 0-1: Ball 1-1: SINGLE (Groundball, 13) (infield hit)
|
Batting: RHB Richard Coker
|
0-0: Ball Alberto Hernández is caught stealing 2nd base
|
Bottom of the 8th over - 0 run(s), 1 hit(s), 0 error(s), 0 left on base; Hendersonville 1 - Plymouth 1 |
TOP OF THE 9TH |
Hendersonville Hitmen batting - Pitching for Plymouth Rocks : LHP Jean-Thomas Francoeur
|
Pitching: RHP Felipe Reyes
|
|
Pinch Hitting: LHB Jerry Johnston
|
0-0: Called Strike 0-1: Foul Ball, location: 2F 0-2: Foul Ball, location: 2F 0-2: Hit by Pitch
|
Pinch Hitting: SHB David Johnstone
|
0-0: SINGLE (Line Drive, 56D) Jerry Johnston to second
|
Pinch Hitting: LHB José Flores
|
0-0: Bunted foul 0-1: Ball 1-1: Ball 2-1: Ball 3-1: Bunt missed! 3-2: Foul Ball, location: 2F 3-2: Fielders Choice at 2nd, 4-6 (Groundball, 34) Jerry Johnston to third
|
Batting: RHB Robert Bly
|
0-0: Ball 1-0: Grounds into double play, 6-4-3 (Groundball, 6)
|
Top of the 9th over - 0 run(s), 1 hit(s), 0 error(s), 1 left on base; Hendersonville 1 - Plymouth 1 |
BOTTOM OF THE 9TH |
Plymouth Rocks batting - Pitching for Hendersonville Hitmen : LHP Simon Martel
|
Now at 1B: Jerry Johnston
|
|
Now at SS: Jonah Duncan
|
|
Now in RF: José Flores
|
|
Batting: RHB Richard Coker
|
0-0: Ball 1-0: Called Strike 1-1: Ball 2-1: SINGLE (Line Drive, 9S)
|
Batting: RHB Millard Boyd
|
0-0: Bunted foul 0-1: Bunted foul 0-2: Ball 1-2: Fly out, F9 (Flyball, 9S)
|
Batting: RHB Jorge Márquez
|
0-0: Swinging Strike 0-1: Fly out, F4 (Popup, 3F)
|
Batting: LHB Frank Geddes
|
0-0: Called Strike 0-1: Ball 1-1: Called Strike 1-2: Ball 2-2: Fielders Choice at 2nd, U6 (Groundball, 6M)
|
Bottom of the 9th over - 0 run(s), 1 hit(s), 0 error(s), 1 left on base; Hendersonville 1 - Plymouth 1 |
TOP OF THE 10TH |
Hendersonville Hitmen batting - Pitching for Plymouth Rocks : RHP Felipe Reyes
|
Batting: RHB Carlos García
|
0-0: Swinging Strike 0-1: Ball 1-1: Ball 2-1: Swinging Strike 2-2: Strikes out looking
|
Batting: SHB Tony López
|
0-0: Ball 1-0: Foul Ball, location: 2F 1-1: SOLO HOME RUN (Flyball, 9D), Distance : 394 ft
|
Batting: RHB Manolo Román
|
0-0: Ground out 5-3 (Groundball, 5)
|
Pitching: LHP Scott Hill
|
|
Batting: LHB Lorenzo Villa
|
0-0: Called Strike 0-1: Ball 1-1: Foul Ball, location: 2F 1-2: Fly out, F9 (Line Drive, 89D)
|
Top of the 10th over - 1 run(s), 1 hit(s), 0 error(s), 0 left on base; Hendersonville 2 - Plymouth 1 |
BOTTOM OF THE 10TH |
Plymouth Rocks batting - Pitching for Hendersonville Hitmen : LHP Simon Martel
|
Pitching: RHP Edward Cadle
|
|
Batting: RHB Armando González
|
0-0: Called Strike 0-1: Ball 1-1: Foul Ball, location: 2F 1-2: Ball 2-2: Foul Ball, location: 2F 2-2: Ball 3-2: Foul Ball, location: 2F 3-2: Strikes out swinging
|
Pinch Hitting: LHB Robert Phillips
|
0-0: Called Strike 0-1: Foul Ball, location: 2F 0-2: Strikes out looking
|
Batting: RHB Alberto Ramos
|
0-0: Foul Ball, location: 2F 0-1: Swinging Strike 0-2: Reached on error, E4 (Groundball, 4)
|
Batting: RHB Frederico Hernández
|
0-0: Ball 1-0: Called Strike 1-1: Ball 2-1: Foul Ball, location: 2F 2-2: Fly out, F7 (Flyball, 7LM)
|
Bottom of the 10th over - 0 run(s), 0 hit(s), 1 error(s), 1 left on base; Hendersonville 2 - Plymouth 1 |
|